 Dungeon Crawl Stone Soup version 0.26-a0-753-g4680b4fa2e (webtiles) character file.

Game seed: 15372011182259791985

6 Queen the Skirmisher (level 1, -1/14 HPs)
             Began as a Gargoyle Monk on Nov 7, 2020.
             Slain by a hobgoblin
             ... wielding a cursed +0 club
              (2 damage)
             ... on level 1 of the Dungeon.
             The game lasted 00:00:36 (92 turns).

Queen the Skirmisher (Gargoyle Monk)                  Turns: 92, Time: 00:00:36

Health: -1/14      AC:  4    Str: 14    XL:     1   Next: 90%
Magic:  1/1        EV: 12    Int: 10    God:
Gold:   10         SH:  0    Dex: 12    Spells: 0/0 levels left

rFire    . . .     SeeInvis .   a - +0 mace
rCold    . . .     Faith    .   (no shield)
rNeg     + . .     Spirit   .   b - +0 robe
rPois    ∞         Reflect  .   (no helmet)
rElec    +         Harm     .   (no cloak)
rCorr    .         Rampage  .   (no gloves)
MR       .....                  (no boots)
Stlth    ++........             (no amulet)
HPRegen  0.04/turn              (no ring)
MPRegen  0.07/turn              (no ring)

@: no status effects
A: negative energy resistance 1, electricity resistance, unbreathing,
petrification resistance, rot immunity, AC +2
a: no special abilities


You were on level 1 of the Dungeon.
You visited 1 branch of the dungeon, and saw 1 of its levels.

You collected 10 gold pieces.

Inventory:

Hand Weapons
 a - a +0 mace (weapon)
Armour
 b - a +0 robe (worn)
Scrolls
 c - a scroll of immolation {unknown}
 d - a scroll of teleportation {unknown}


   Skills:
 + Level 3.4 Fighting
 * Level 3.2 Maces & Flails
 + Level 0.5 Armour
 - Level 2.4 Dodging
 - Level 2.1 Stealth


You couldn't memorise any spells.
You didn't know any spells.
Your spell library was empty.

Dungeon Overview and Level Annotations

Branches:
Dungeon (1/15)

Altars:


Innate Abilities, Weirdness & Mutations

You are resistant to torment.
Your stone body is resilient. (AC +2)
You are immune to poison.
You resist negative energy. (rN+)
You are resistant to electric shocks. (rElec)
You can survive without breathing.
You are immune to petrification.
You are immune to rotting.


Message History

The hobgoblin barely misses you.
You closely miss the hobgoblin. The frilled lizard closely misses you.
The hobgoblin hits you but does no damage.
A leopard gecko comes into view.
The hobgoblin closely misses you.
You barely miss the hobgoblin.
The frilled lizard bites you but does no damage.
The hobgoblin hits you with a +0 club. The hobgoblin misses you.
The frilled lizard barely misses you.
You completely miss the hobgoblin. The hobgoblin hits you with a +0 club.
The hobgoblin hits you but does no damage.
The frilled lizard bites you.
* * * LOW HITPOINT WARNING * * *
A kobold comes into view.
You barely miss the hobgoblin. The hobgoblin misses you.
The hobgoblin completely misses you. The frilled lizard closely misses you.
You closely miss the hobgoblin. The hobgoblin hits you with a +0 club.
* * * LOW HITPOINT WARNING * * *
The hobgoblin hits you with a cursed +0 club.
You die...

##. ###(. #.(.#
#######.### # #.......#
..## #####.#####.#
.....#####.....#####.#
..##.................###
......)@......####.##...
......ggl..........##...
.......K................
.................#.##...
.....#...#..............
...l..............###...
.........!#####.........
........... ..#.#.....
.......


You could see a leopard gecko, 2 hobgoblins, a kobold and a frilled lizard.

Vanquished Creatures
  A giant cockroach (D:1)
  A goblin (D:1)
  A hobgoblin (D:1)
  A frilled lizard (D:1)
  2 kobolds (D:1)
6 creatures vanquished.

Notes
Turn   | Place    | Note
-------+----------+-------------------------------------------
     0 | D:1      | Queen the Gargoyle Monk began the quest for the Orb.
     0 | D:1      | Reached XP level 1. HP: 14/14 MP: 1/1
    92 | D:1      | Slain by a hobgoblin

Illustrated notes

Levels and vault maps discovered:
D:1:      wander_arrival_lonely_grave, layout_rooms

Action                   || total
-------------------------++-------
Melee: Mace              ||    26
Armor: Robe              ||    14
Dodge: Dodged            ||    30

Table legend: (Time is in decaauts)
 A = Elapsed time spent in this place.
 B = Non-inter-level travel time spent in this place.
 C = Inter-level travel time spent in this place.
 D = Time resting spent in this place.
 E = Time spent auto-exploring this place.
 F = Levels seen in this place.
 G = Mean time per level.
                   A        B        C        D        E       F      G
               +--------+--------+--------+--------+--------+-----+--------+
         Total |     98 |     98 |      0 |      0 |     55 |   1 |   98.0 |
       Dungeon |     98 |     98 |      0 |      0 |     55 |   1 |   98.0 |
               +--------+--------+--------+--------+--------+-----+--------+

Top non-repeatable levels by time:
     D:1: 98 daAuts
